 Dungeon Crawl Stone Soup version 0.21.1-1-g345015f (webtiles) character file.

14413 equalderp2856 the Cleaver (level 11, -20/99 HPs)
             Began as a Minotaur Fighter on Apr 29, 2018.
             Killed from afar by a hell hog (43 damage)
             ... with a fireball
             ... in a volcano.
             The game lasted 00:30:02 (15906 turns).

equalderp2856 the Cleaver (Minotaur Fighter)       Turns: 15906, Time: 00:30:03

Health: -20/99     AC: 19    Str: 25    XL:     11   Next: 88%
Magic:  10/10      EV:  8    Int:  6    God:
Gold:   697        SH: 12    Dex: 11    Spells: 10/10 levels left

rFire    . . .     SeeInvis .   a - +0 war axe
rCold    . . .     Gourm    +   c - +0 shield
rNeg     . . .     Faith    .   s - +0 plate armour
rPois    .         Spirit   .   (helmet restricted)
rElec    .         Reflect  .   O - +1 cloak
rCorr    .         Harm     .   (no gloves)
MR       .....                  R - +0 pair of boots (curse)
Stlth    ..........             P - amulet of the gourmand
HPRegen  0.26/turn              v - +3 ring of strength
MPRegen  0.12/turn              H - +4 ring of slaying

@: flying
A: retaliatory headbutt, horns 2
a: no special abilities


You were in a volcano.
You were very hungry.

You visited 2 branches of the dungeon, and saw 12 of its levels.
You also visited: Sewer and Volcano.

You collected 697 gold pieces.

Inventory:

Hand Weapons
 a - a +0 war axe (weapon)
 x - a +0 trident
Armour
 b - a +0 scale mail
 c - a +0 shield (worn)
 s - a +0 plate armour (worn)
 w - a +0 cloak
 O - a +1 cloak (worn)
 R - a cursed +0 pair of boots (worn)
Jewellery
 v - a +3 ring of strength (left hand)
 H - a +4 ring of slaying (right hand)
 P - an amulet of the gourmand (around neck)
Wands
 y - a wand of flame (16)
 C - a wand of clouds (2)
 M - a wand of iceblast (3)
 Q - a wand of digging (14)
Scrolls
 e - 2 scrolls of magic mapping
 g - 7 scrolls of identify
 h - 2 scrolls of blinking
 k - 2 scrolls of remove curse
 m - 2 scrolls of noise {unknown}
 p - 5 scrolls of teleportation
 z - 2 scrolls of brand weapon {unknown}
 B - 2 scrolls of fear {unknown}
 D - 3 scrolls of vulnerability {unknown}
 F - a scroll of enchant armour {unknown}
 K - a scroll of amnesia {unknown}
Potions
 d - 4 potions of might
 i - 3 potions of agility
 j - 3 potions of flight
 l - 2 potions of brilliance
 n - a potion of resistance {unknown}
 o - a potion of lignification {unknown}
 q - a potion of mutation {unknown}
 r - 3 potions of cancellation
 t - 2 potions of curing {unknown}
 u - 2 potions of magic {unknown}
 A - 2 potions of heal wounds
 J - a potion of haste
 N - a potion of ambrosia {unknown}
Books
 E - a book of Cantrips

   Spells                             Type                      Level
   a - Confusing Touch                Hexes                        1
   b - Animate Skeleton               Necromancy                   1
   c - Summon Small Mammal            Summoning                    1
   d - Apportation                    Translocation                1
 G - a book of Maledictions

   Spells                             Type                      Level
   a - Corona                         Hexes                        1
   b - Ensorcelled Hibernation        Hexes/Ice                    2
   c - Confuse                        Hexes                        3
   d - Tukima's Dance                 Hexes                        3
   e - Dazzling Spray                 Conjuration/Hexes            3
 I - a book of Conjurations

   Spells                             Type                      Level
   a - Magic Dart                     Conjuration                  1
   b - Searing Ray                    Conjuration                  2
   c - Dazzling Spray                 Conjuration/Hexes            3
   d - Fulminant Prism                Conjuration/Hexes            4
   e - Force Lance                    Conjuration/Translocation    4
   f - Iskenderun's Mystic Blast      Conjuration                  4
Comestibles
 f - 14 rations


   Skills:
 + Level 9.6 Fighting
 + Level 13.7(13.8) Axes
 + Level 3.0(9.6) Polearms
 + Level 11.3 Armour
 + Level 3.5 Dodging
 + Level 2.1 Stealth
 + Level 10.7 Shields
 + Level 1.1 Evocations


You had 10 spell levels left.
You didn't know any spells.

Dungeon Overview and Level Annotations

Branches:
Dungeon (10/15)            Temple (0/1) D:4            Lair (2/6) D:9
 Shoals (0/4) Lair:2          Orc (0/2) D:10
  Snake: Lair:2-4    Spider: Lair:2-4

Altars:
Nemelex Xobeh
Qazlal
Beogh

Shops:
D:8 *


Innate Abilities, Weirdness & Mutations

You reflexively headbutt those who attack you in melee.
You have a pair of horns on your head.


Message History

You completely miss the hell hog.
The hell hog is almost dead.
You hit the hell hound.
The fire bat bites you but does no damage.
The hell hog bites you.
* * * LOW HITPOINT WARNING * * *
The hell hound bites you but does no damage.
It was a potion of flight.
You feel very buoyant.
You fly up into the air.
You block the hell hog's attack. You block the fire bat's attack.
The hell hound bites you but does no damage.
You block the hell hog's attack.
Unknown command.
It was a potion of heal wounds.
You feel much better.
The fire bat bites you but does no damage.
You block the hell hound's attack. The hell hog breathes fire at you.
The fireball explodes!
The fireball engulfs you!
You die...

§§≈§§ §≈§≈≈≈≈§≈≈≈≈≈≈≈≈≈≈≈≈≈
§§ ≈≈≈§≈≈≈≈≈≈§§≈§≈≈≈≈≈≈≈ §§
§≈≈≈§≈≈≈§ ≈ ≈ #######
+.....+ #.8_8.# #.hhb.# #@#
#.# #.≈≈≈≈≈≈≈ #.# #.≈≈≈§≈§§
#.# #.§§≈≈≈§≈ #.# #§≈§≈≈≈≈§
#.# #.≈≈§≈≈≈≈ #.# #§.§≈≈≈≈≈
#######'########.≈≈≈≈≈≈≈ ≈
≈.≈.§§............§....§§...


You could see a hell hog, a hell hound and a fire bat.

Vanquished Creatures
  A hydra (Lair:1)
  Erica (Lair:2)
  3 two-headed ogres
  The ghost of Terandir the Cleaver, a novice MiFi of Cheibriados (D:8)
  Pikel (D:6)
  An ugly thing (D:7)
  An elephant (Lair:2)
  Maurice (D:8)
  A black mamba (Lair:1)
  A spiny frog (Lair:1)
  A rime drake (Lair:1)
  A komodo dragon (Lair:1)
  A hippogriff (Lair:1)
  A spriggan (D:7)
  A wyvern (Lair:2)
  6 yaks
  5 fire bats (Volcano)
  Grum (D:9)
  A hungry ghost (D:10)
  A basilisk (Lair:1)
  A hell hound (Volcano)
  3 porcupines (Lair:1)
  2 ice beasts
  A water moccasin (Lair:2)
  An eye of draining (D:8)
  6 orc warriors
  A sky beast (D:6)
  2 phantoms
  4 centaurs
  3 wolves
  3 ogres
  2 crocodiles
  2 big kobolds (D:10)
  2 bullfrogs
  3 scorpions
  2 killer bees (D:9)
  10 wights
  An electric eel (Lair:1)
  2 howler monkeys
  5 lava snakes (Volcano)
  3 crimson imps
  7 hounds
  18 orc wizards
  2 bullfrog skeletons
  A bullfrog zombie (D:3)
  7 orc priests
  Crazy Yiuf (D:5)
  4 worker ants
  A hound skeleton (D:8)
  15 adders
  An ooze (D:3)
  An adder zombie (D:5)
  6 worms
  6 dart slugs
  3 leopard geckos
  62 orcs
  5 giant cockroaches
  7 hobgoblins
  19 jackals
  11 quokkas
  5 ball pythons
  5 bats
  11 frilled lizards
  2 goblins
  18 kobolds
  A leopard gecko skeleton (D:7)
  A leopard gecko zombie (D:5)
  A quokka skeleton (D:6)
  7 rats
  11 plants (Sewer)
329 creatures vanquished.

Vanquished Creatures (others)
  4 slaves (D:6)
  An orc priest (D:6)
  An orc wizard (D:6)
  An orc (D:6)
  A jackal (D:6)
  14 fungi (Lair:2)
  3 plants (Lair:2)
25 creatures vanquished.

Grand Total: 354 creatures vanquished

Notes
Turn   | Place    | Note
-------+----------+-------------------------------------------
     0 | D:1      | equalderp2856 the Minotaur Fighter began the quest for the Orb.
     0 | D:1      | Reached XP level 1. HP: 19/19 MP: 0/0
   237 | D:1      | Reached XP level 2. HP: 25/27 MP: 1/1
   954 | D:2      | Reached XP level 3. HP: 25/33 MP: 2/2
  1054 | D:2      | Reached skill level 1 in Dodging
  1521 | D:3      | Reached XP level 4. HP: 41/41 MP: 3/3
  1552 | D:3      | Reached skill level 3 in Axes
  1774 | D:3      | Reached XP level 5. HP: 40/47 MP: 4/4
  2120 | D:3      | Reached skill level 4 in Axes
  2626 | D:4      | Found a sparkling altar of Nemelex Xobeh.
  2646 | D:4      | Reached skill level 5 in Armour
  2646 | D:4      | Reached XP level 6. HP: 55/55 MP: 5/5
  2689 | D:4      | Found a stormy altar of Qazlal.
  2697 | D:4      | Reached skill level 5 in Fighting
  2909 | D:4      | Reached skill level 5 in Axes
  3100 | D:4      | Found a staircase to the Ecumenical Temple.
  3272 | D:5      | Entered Level 5 of the Dungeon
  3281 | D:5      | Reached skill level 5 in Shields
  3367 | D:5      | Reached XP level 7. HP: 45/61 MP: 6/6
  3404 | D:5      | Reached skill level 6 in Axes
  3536 | D:5      | You fall through a shaft for 2 floors!
  3725 | D:5      | Found a glowing drain.
  3751 | Sewer    | Entered a sewer
  4786 | D:5      | Reached XP level 8. HP: 70/70 MP: 7/7
  4872 | D:5      | Found a runed door.
  5086 | D:5      | Noticed Crazy Yiuf
  5093 | D:5      | Killed Crazy Yiuf
  5162 | D:6      | Noticed Pikel
  5182 | D:6      | Killed Pikel
  5182 | D:6      | Reached skill level 7 in Axes
  5182 | D:6      | Reached skill level 1 in Stealth
  5709 | D:6      | Reached skill level 8 in Axes
  5752 | D:6      | Reached XP level 9. HP: 57/75 MP: 8/8
  6630 | D:7      | Noticed a cyan ugly thing
  7559 | D:7      | Reached skill level 9 in Axes
  7712 | D:7      | Killed a cyan ugly thing
  8099 | D:8      | Noticed Terandir's ghost (novice MiFi)
  8387 | D:9      | Found a staircase to the Lair.
  8636 | D:9      | Reached skill level 10 in Axes
  8675 | D:9      | Noticed a two-headed ogre
  8807 | D:9      | Killed a two-headed ogre
  8807 | D:9      | Reached XP level 10. HP: 76/86 MP: 9/9
  8833 | D:9      | Noticed Grum
  8852 | D:9      | Killed Grum
  9172 | D:9      | Reached skill level 11 in Axes
  9197 | D:9      | Noticed a two-headed ogre
  9210 | D:9      | Killed a two-headed ogre
  9728 | D:10     | Entered Level 10 of the Dungeon
  9836 | D:10     | Found a roughly hewn altar of Beogh.
  9836 | D:10     | Found a staircase to the Orcish Mines.
 10587 | D:10     | Reached skill level 12 in Axes
 10827 | D:10     | Reached skill level 10 in Armour
 11585 | D:8      | Noticed Maurice
 11596 | D:8      | Killed Maurice
 12153 | D:6      | Reached XP level 11. HP: 95/95 MP: 10/10
 12219 | D:8      | Noticed a two-headed ogre
 12227 | D:8      | Killed a two-headed ogre
 12365 | D:8      | Found Waer's Assorted Antiques.
 13521 | D:8      | Killed Terandir's ghost
 13521 | D:8      | Reached skill level 10 in Shields
 13922 | Lair:1   | Entered Level 1 of the Lair of Beasts
 13963 | Lair:1   | Noticed a five-headed hydra
 14349 | Lair:1   | Reached skill level 13 in Axes
 14365 | Lair:1   | Killed a five-headed hydra
 14968 | Lair:1   | Reached skill level 1 in Polearms
 14968 | Lair:1   | Reached skill level 1 in Evocations
 15333 | Lair:2   | Noticed Erica
 15361 | Lair:2   | Killed Erica
 15467 | Lair:2   | Found a dark tunnel.
 15478 | Volcano  | Entered a volcano
 15889 | Volcano  | Found a burning altar of Makhleb.
 15889 | Volcano  | Noticed a hell hog
 15906 | Volcano  | Killed from afar by a hell hog

Skill      XL: |  1  2  3  4  5  6  7  8  9 10 11 |
---------------+----------------------------------+-----
Shields        | 4 5 7 9 10 | 10.7
Armour         | 4 5 6 7 9 10 11 | 11.3
Fighting       | 4 5 6 7 8 9 |  9.6
Dodging        | 1 2 3 |  3.5
Axes           | 3 4 5 6 8 10 12 13 | 13.7
Stealth        | 1 2 |  2.1
Polearms       | 3 |  3.0
Evocations     | 1 |  1.1

Action                   |  1- 3 |  4- 6 |  7- 9 | 10-12 || total
-------------------------+-------+-------+-------+-------++-------
Melee: War axe           |    93 |   152 |   474 |   499 ||  1218
       Headbutt          |    17 |    18 |   109 |   118 ||   262
       Trident           |       |       |       |    15 ||    15
Evoke: Wand              |       |       |     2 |    15 ||    17
  Use: Scroll            |       |     2 |     3 |     5 ||    10
       Potion            |       |       |       |     3 ||     3
  Eat: Chunk             |     1 |     6 |    16 |     6 ||    29
       Ration            |       |       |     1 |     6 ||     7
Armor: Scale mail        |    39 |    50 |    47 |       ||   136
       Plate armour      |       |       |   119 |   198 ||   317
Dodge: Dodged            |    34 |    48 |    88 |    93 ||   263
Block: Shield            |    46 |    67 |   211 |   285 ||   609
